 Dungeon Crawl Stone Soup version 0.29.0-7-g18a832c13a (webtiles) character file.

Game seed: 6035077286038754799

1158 Leibowitz the Cutter (level 8, -7/72 HPs)
             Began as a Kobold Fighter on Aug 30, 2022.
             Mangled by a gnoll
             ... wielding a +0 flail
              (8 damage)
             ... on level 5 of the Dungeon.
             The game lasted 00:15:13 (5332 turns).

Leibowitz the Cutter (Kobold Fighter)               Turns: 5332, Time: 00:15:13

Health: -7/72      AC: 24    Str: 20 (21) XL:     8   Next: 66%
Magic:  8/8        EV:  3    Int:  7 (8)  God:
Gold:   287        SH:  5    Dex: 13 (16) Spells: 7/7 levels left

rFire   . . .      SeeInvis .   a - +3 rapier (holy)
rCold   . . .      Faith    .   c - +0 buckler
rNeg    . . .      Spirit   .   (body armour currently unavailable)
rPois   +          Reflect  .   (helmet currently unavailable)
rElec   .          Harm     .   (cloak currently unavailable)
rCorr   .          Rampage  .   (gloves currently unavailable)
Will    .....      NoTele   +   (boots currently unavailable)
Stlth   +++++.....              (no amulet)
HPRegen 0.00/turn               (no ring)
MPRegen 0.11/turn               (no ring)

@: brilliant, tree-form, inhibited regen
A: stationary, stasis, torment immunity, boosted hp, small, no large weapons,
nightstalker 3, thin skeletal structure 1, inhibited regeneration, strong 2
a: no special abilities


You were on level 5 of the Dungeon.
You were a tree.
You visited 1 branch of the dungeon, and saw 5 of its levels.
You also visited: Sewer.

You collected 287 gold pieces.

Inventory:

Hand Weapons
 a - a +3 rapier of holy wrath (weapon)
 m - a +0 falchion
 w - a +0 war axe of freezing
Missiles
 h - 2 curare-tipped darts
 l - a throwing net
Armour
 c - a +0 buckler (worn)
 g - a +1 cloak (melded)
 y - a +2 hat (melded)
 H - the +1 leather armour of Classification (melded) {Str+3 Dex+2}
   (You found it on level 4 of the Dungeon)

   Str:       It affects your strength (+3).
   Dex:       It affects your dexterity (+2).
Wands
 A - a wand of polymorph (5)
Scrolls
 b - 2 scrolls of teleportation {unknown}
 e - a scroll of fear {unknown}
 f - 7 scrolls of identify {unknown}
 i - a scroll of enchant weapon {unknown}
 j - a scroll of noise {unknown}
 n - a scroll of poison {unknown}
 p - a scroll of blinking {unknown}
 q - 3 scrolls of amnesia {unknown}
 x - a scroll of acquirement {unknown}
 z - a scroll of magic mapping {unknown}
 B - a scroll of brand weapon {unknown}
 D - a scroll of immolation {unknown}
 F - 3 scrolls of summoning {unknown}
Potions
 d - 2 potions of degeneration
 o - 2 potions of haste
 r - 2 potions of mutation
 s - a potion of flight {unknown}
 t - a potion of magic {unknown}
 u - a potion of curing
 v - 2 potions of lignification
 C - 2 potions of heal wounds {unknown}
 E - a potion of attraction {unknown}
 G - 2 potions of berserk rage {unknown}
Miscellaneous
 I - a lightning rod (inert) (quivered)


   Skills:
 * Level 4.9 Fighting
 * Level 7.5 Short Blades
 + Level 0.1 Throwing
 * Level 3.6 Armour
 * Level 3.4 Dodging
 * Level 6.1 Stealth
 * Level 3.7 Shields


You had 7 spell levels left.
You didn't know any spells.
Your spell library contained the following spells:

 Spells                   Type           Power      Damage    Failure   Level
 Freeze                   Ice            0%         1d3       56%         1
 Frozen Ramparts          Ice            0%         1d1       90%         3
 Hailstorm                Conj/Ice       0%         3d3       100%        4
 Blade Hands              Tmut           0%         N/A       100%        5
 Irradiate                Conj/Tmut      0%         3d11      100%        5
 Dragon Form              Tmut           0%         N/A       100%        7


Dungeon Overview and Level Annotations

Branches:
Dungeon (5/15)              Sewer (visited)
 Temple: D:4-7

Altars:
Ashenzari
Elyvilon


Innate Abilities, Weirdness & Mutations

You are a tree.
Your roots penetrate the ground, keeping you stationary.
You cannot be teleported.
You are immune to unholy pain and torment.
Your maximum health is greatly increased.
Your equipment is partially melded.
You are small and have problems with some larger weapons.
You are completely attuned to the shadows.
You have a somewhat thin skeletal structure. (Dex +2, Stealth+)
You do not regenerate when monsters are visible.
Your muscles are very strong. (Str +8, Int/Dex -2)


Message History

You closely miss the gnoll.
The gnoll is moderately wounded.
The gnoll hits you but does no damage. The gnoll barely misses you. x2
You hit the gnoll.
The gnoll is severely wounded.
The gnoll misses you. The gnoll closely misses you.
The gnoll hits you from afar with a +0 spear.
* * * LOW HITPOINT WARNING * * *
It was a potion of lignification.
You turn into a tree.
Your +1 cloak melds into your body.
Your +2 hat melds into your body.
The +1 leather armour of Classification {Str+3 Dex+2} melds into your body.
Your roots penetrate the ground.
You block the gnoll's attack.
The gnoll hits you but does no damage. x2
You hit the gnoll.
You kill the gnoll!
The gnoll hits you with a +0 flail.
* * * LOW HITPOINT WARNING * * *
The gnoll hits you from afar with a +0 spear.
* * * LOW HITPOINT WARNING * * *
You hit the adder but do no damage. The adder bites you but does no damage.
You block the gnoll's attack. The gnoll hits you but does no damage.
You hit the adder.
The adder is heavily wounded.
The adder bites you but does no damage. x2
You closely miss the adder.
The adder is heavily wounded.
The gnoll hits you but does no damage. You block the gnoll's attack.
The adder bites you but does no damage.
You closely miss the adder.
The adder is heavily wounded.
The gnoll barely misses you. The gnoll hits you but does no damage.
The adder bites you but does no damage.
You puncture the adder!
You kill the adder!
You block the gnoll's attack. The gnoll hits you but does no damage.
You barely miss the gnoll.
The gnoll hits you but does no damage. x2
You hit the gnoll.
The gnoll is moderately wounded.
The gnoll hits you with a +0 flail!
You die...

#............g.....
##.#.#.#.#.#.#.#.##
#...†.............#
##.#.#.#.#.#.#.#.##
#....†..>.........#
.#.#.#.#.#.#.#.#.##
...........g......#
.#.#.#.#.#g#.#.#.##
........)♣#######
##########


You could see 2 gnolls.

Vanquished Creatures
  Sigmund (D:3)
  Duvessa (D:5)
  An ice beast (D:5)
  An ogre (D:4)
  2 bullfrogs (Sewer)
  A necrophage (D:5)
  3 scorpions
  Dowan (D:5)
  2 hounds
  Jessica (D:3)
  Terence (D:2)
  An iguana (D:5)
  2 gnolls (D:5)
  8 adders
  3 worms
  A dart slug (D:3)
  3 orcs
  6 ball pythons
  A bat (D:2)
  7 endoplasms
  7 giant cockroaches
  7 goblins
  3 hobgoblins
  4 jackals (D:1)
  6 kobolds
  12 quokkas
  12 frilled lizards
  7 rats
105 creatures vanquished.

Notes
Turn   | Place    | Note
-------+----------+-------------------------------------------
     0 | D:1      | Leibowitz the Kobold Fighter began the quest for the Orb.
     0 | D:1      | Reached XP level 1. HP: 14/14 MP: 1/1
   142 | D:1      | Reached XP level 2. HP: 17/19 MP: 2/2
   513 | D:1      | Reached skill level 3 in Short Blades
   679 | D:1      | Reached skill level 1 in Dodging
   679 | D:1      | Reached XP level 3. HP: 23/23 MP: 3/3
   920 | D:2      | Reached skill level 1 in Stealth
  1087 | D:2      | Noticed Terence
  1110 | D:2      | Killed Terence
  1111 | D:2      | Reached XP level 4. HP: 28/28 MP: 4/4
  2048 | D:3      | Noticed Sigmund
  2054 | D:3      | Killed Sigmund
  2055 | D:3      | Reached skill level 4 in Short Blades
  2055 | D:3      | Reached XP level 5. HP: 15/33 MP: 5/5
  2055 | D:3      | Reached XP level 6. HP: 17/38 MP: 6/6
  2306 | D:3      | Found a broken altar of Ashenzari.
  2593 | D:3      | Noticed Jessica
  2597 | D:3      | Killed Jessica
  2809 | D:3      | Found a white marble altar of Elyvilon.
  3205 | D:4      | Noticed an ogre
  3219 | D:4      | Killed an ogre
  3220 | D:4      | Reached skill level 5 in Short Blades
  3220 | D:4      | Reached XP level 7. HP: 43/43 MP: 7/7
  3616 | D:4      | Identified the +1 leather armour of Classification {Str+3
                  | Dex+2}
  4133 | D:5      | Entered Level 5 of the Dungeon
  4135 | D:5      | Noticed Duvessa
  4136 | D:5      | Noticed Dowan
  4139 | D:5      | Killed Duvessa
  4140 | D:5      | Reached skill level 6 in Short Blades
  4159 | D:5      | Reached skill level 5 in Stealth
  4174 | D:5      | HP: 2/44 [Dowan/shard of ice (19)]
  4183 | D:5      | Killed Dowan
  4184 | D:5      | Reached XP level 8. HP: 4/48 MP: 8/8
  4463 | D:5      | Found a glowing drain.
  4475 | Sewer    | Entered a sewer
  5186 | D:5      | Reached skill level 7 in Short Blades
  5319 | D:5      | Gained mutation: Your muscles are strong. (Str +4, Int/Dex
                  | -1) [potion of mutation]
  5319 | D:5      | Gained mutation: You have a somewhat thin skeletal
                  | structure. (Dex +2, Stealth+) [potion of mutation]
  5319 | D:5      | Gained mutation: You do not regenerate when monsters are
                  | visible. [potion of mutation]
  5319 | D:5      | Gained mutation: Your muscles are very strong. (Str +8,
                  | Int/Dex -2) [potion of mutation]
  5325 | D:5      | HP: 1/72 [gnoll/+0 spear (3)]
  5332 | D:5      | Mangled by a gnoll

Illustrated notes

Levels and vault maps discovered:
D:1:      dpeg_arrival_shrine, layout_basic, kennysheep_boxes
D:2:      layout_basic, kennysheep_generic_room_2, uniq_terence
D:3:      layout_basic, cheibrodos_ashenzari_chains, elyvilon_altar_5,
          uniq_jessica, uniq_sigmund
D:4:      layout_cave_pods, hangedman_decor_lopped, corexii_corridor_pit
D:5:      layout_basic, zin_academy, lemuel_crystal_altar,
          minmay_temple_entry_junction, portal_sewer_entry_f, st_stairs_11,
          minmay_shop_grid_forest, uniq_blork_the_orc, uniq_duvessa

Skill      XL: |  1  2  3  4  5  6  7  8 |
---------------+-------------------------+-----
Short Blades   | 3 4 5 6 7 |  7.5
Dodging        | 1 2 3 |  3.4
Stealth        | 1 3 4 5 6 |  6.1
Fighting       | 4 |  4.9
Armour         | 3 |  3.6
Shields        | 3 |  3.7
Throwing       | |  0.1

Action                   |  1- 3 |  4- 6 |  7- 9 || total
-------------------------+-------+-------+-------++-------
Melee: Rapier            |    87 |   102 |   166 ||   355
Throw: Dart              |     1 |     2 |     3 ||     6
       Throwing net      |       |       |     2 ||     2
Evoke: Lightning rod     |       |       |     4 ||     4
  Use: Potion            |     2 |       |     7 ||     9
 Stab: Sleeping          |     5 |     9 |    12 ||    26
       Distracted        |       |       |     1 ||     1
Armor: Scale mail        |    19 |       |       ||    19
       Leather armour    |    11 |    13 |    33 ||    57
       Skin              |       |       |    13 ||    13
Dodge: Dodged            |    41 |    35 |    77 ||   153
Block: Buckler           |    22 |    24 |    57 ||   103
